 Dungeon Crawl Stone Soup version 0.31-a0-180-g519b7de00c (webtiles) character file.

Game seed: 8778063979976947192

7878 frimble the Grappler (level 11, -1/88 HPs)
             Began as an Octopode Warper on June 20, 2023.
             Was a Believer of Cheibriados.
             Slain by an orc warrior
             ... wielding a +0 halberd
              (19 damage)
             ... on level 9 of the Dungeon.
             The game lasted 00:23:17 (11274 turns).

frimble the Grappler (Octopode Warper)             Turns: 11274, Time: 00:23:18

Health: -1/88      AC:  3    Str: 18    XL:     11   Next: 22%
Magic:  14/14      EV: 16    Int: 28    God:    Cheibriados [**....]
Gold:   1132       SH:  0    Dex: 17    Spells: 11/14 levels left

rFire   . .          .
                       - Unarmed
rCold   . . .        (no shield)
rNeg    + . .        B - +2 hat
rPois   .            (no amulet)
rElec   .            m - ring of positive energy
rCorr   .            i - +6 ring of intelligence
SInv    +            (no ring)
Will    +....        (no ring)
Stlth   ++++         (no ring)
HPRegen 0.34/turn    (no ring)
MPRegen 0.14/turn    (no ring)
                     (no ring)

%: no passive effects
@: studying Ranged Weapons, very slow
A: almost no armour, amphibious, 8 rings, camouflage 1, gelatinous body 1,
(nimble swimmer 1), tentacles, see invisible, strong-willed 1, robust 1
a: Renounce Religion, Bend Time


You were on level 9 of the Dungeon.
You worshipped Cheibriados.
Cheibriados was pleased with you.
You visited 2 branches of the dungeon, and saw 10 of its levels.
You also visited: Bailey.

You collected 1264 gold pieces.
You spent 132 gold pieces at shops.

Inventory:

Missiles
 a - 16 boomerangs (quivered)
 b - 7 boomerangs of dispersal
 s - 15 poisoned darts
Armour
 e - a +0 kite shield
 B - a +2 hat (worn)
Jewellery
 i - a +6 ring of intelligence (right tentacle)
 m - a ring of positive energy (left tentacle)
 t - a ring of positive energy
 C - an amulet of magic regeneration
Wands
 d - a wand of iceblast (4)
 h - a wand of flame (3)
 y - a wand of quicksilver (1)
Scrolls
 c - 3 scrolls of poison
 l - 3 scrolls of identify
 n - 2 scrolls of enchant armour
 o - a scroll of revelation
 p - a scroll of fear
 r - 4 scrolls of teleportation
Potions
 f - 3 potions of curing
 g - a potion of might
 j - 2 potions of mutation
 k - 3 potions of haste
 q - 4 potions of enlightenment
 u - a potion of berserk rage {unknown}
 z - a potion of cancellation {unknown}
 A - a potion of heal wounds
Miscellaneous
 v - a box of beasts
 w - a phantom mirror
 x - a lightning rod (4/4)


   Skills:
 + Level 9.0 Fighting
 - Level 1.0 Throwing
 - Level 6.4 Dodging
 - Level 6.0 Stealth
 + Level 9.8 Unarmed Combat
 - Level 2.0 Spellcasting
 - Level 3.0 Translocations
 + Level 9.0 Evocations


You had 11 spell levels left.
You knew the following spells:

 Your Spells              Type           Power      Damage    Failure   Level
a - Blink                 Tloc           38%        N/A       4%          2
b - Apportation           Tloc           38%        N/A       2%          1

Your spell library contained the following spells:

 Spells                   Type           Power      Damage    Failure   Level
 Lesser Beckoning         Tloc           38%        N/A       4%          2
 Teleport Other           Tloc           19%        N/A       8%          3
 Necrotise                Necr           8%         1d4       9%          1
 Slow                     Hex            8%         N/A       9%          1
 Summon Small Mammal      Summ           8%         N/A       9%          1
 Static Discharge         Conj/Air       4%         2-3/arc   14%         2
 Vhi's Electric Charge    Tloc/Air       22%        N/A       14%         3
 Volatile Blastmotes      Fire/Tloc      22%        2d11      14%         3
 Confusing Touch          Hex            2%         N/A       26%         3
 Dazzling Flash           Conj/Hex       4%         N/A       26%         3
 Vampiric Draining        Necr           2%         2d6       26%         3
 Manifold Assault         Tloc           19%        N/A       26%         4
 Iskenderun's Mystic Bla  Conj/Tloc      11%        2d4       43%         4
 Airstrike                Air            1%         2d(1-17)  65%         4
 Leda's Liquefaction      Hex/Erth       1%         N/A       65%         4
 Summon Lightning Spire   Summ/Air       2%         N/A       65%         4
 Silence                  Hex/Air        1%         N/A       94%         5
 Starburst                Conj/Fire      1%         6d3       100%        6
 Statue Form              Tmut/Erth      1%         N/A       100%        6


Dungeon Overview and Level Annotations

Branches:
Dungeon (9/15)             Temple (1/1) D:6          Bailey (visited)
   Lair: D:8-11         Orc: D:9-12

Altars:
Ashenzari
Cheibriados
Dithmenos
Elyvilon
Fedhas
Gozag
Hepliaklqana
Kikubaaqudgha
Makhleb
Nemelex Xobeh
Okawaru
Qazlal
Ru
Sif Muna
Trog
Uskayaw
Wu Jian
Xom
Yredelemnul
Zin
The Shining One

Shops:
D:4 *   D:5 *=!?(


Innate Abilities, Weirdness & Mutations

You cannot wear most types of armour.
You are amphibious.
You can wear up to eight rings at the same time.
Your skin changes colour to match your surroundings (Stealth+).
Your rubbery body absorbs attacks. (AC +1, EV +1)
((You are camouflaged when in or above water. (Stealth+)))
You have tentacles for arms and can constrict up to eight enemies at once.
You have supernaturally acute eyesight. (SInv)
You are strong-willed. (Will+)
You are robust. (+10% HP)


Message History

The kobold demonologist barely misses you.
You bludgeon the kobold demonologist!
The kobold demonologist is almost dead.
You constrict the kobold demonologist.
You kill the kobold demonologist!
Cheibriados thoroughly appreciates the change of pace.
Your Evocations skill increases to level 9!
You barely miss the troll. You bludgeon the troll!
The troll is moderately wounded.
The troll bites you!! The troll barely misses you. x2
Aiming: Quicksilver Bolt
Press: ? - help, Shift-Dir - straight line, f - orc warrior
Aim: an orc warrior, wielding a +0 halberd, wearing a +0 chain mail and quivering boomerangs (71% to hit)
The bolt of dispelling energy hits the troll!!
The troll is almost dead.
The bolt of dispelling energy hits the orc warrior!
The orc warrior is heavily wounded.
The orc warrior hits you from afar with a +0 halberd!
The troll misses you. The troll completely misses you. The troll claws you!
You tentacle-slap the troll.
The troll is almost dead.
The orc warrior completely misses you. The troll misses you.
The troll claws you. x2
You barely miss the troll.
The troll is almost dead.
The orc warrior barely misses you. The troll closely misses you.
The troll claws you!
* * * LOW HITPOINT WARNING * * *
The troll completely misses you.
Aiming: Quicksilver Bolt
Press: ? - help, Shift-Dir - straight line, f/p - orc warrior
Aim: an orc warrior, wielding a +0 halberd, wearing a +0 chain mail and quivering boomerangs (heavily wounded, 71% to hit)
The bolt of dispelling energy hits the troll!!
You kill the troll!
Cheibriados thoroughly appreciates the change of pace.
Cheibriados raises the support of your attributes as your movement slows.
The bolt of dispelling energy misses the orc warrior.
The orc warrior hits you from afar with a +0 halberd!!
You die...

........ ##...... #.......
#........ #.# #...# # #.#
#...##### .♣♣#.# #.)......
#########.♣#.###...#####
.....o)@'..#............
.###########.♣#............
♣...........♣♣#............
#####...#######.###........
................# #†.)#####
..####.......#### #...#
......###### #...#
#####.###########...#
##....<.........####


You could see an orc warrior.

Vanquished Creatures
  An ugly thing (D:7)
  2 kobold demonologists
  A troll (D:9)
  Grinder (D:3)
  A yak (D:7)
  2 shadows (D:7)
  6 steam dragons
  A vampire mosquito (D:7)
  An acid dragon (D:7)
  4 water moccasins
  Duvessa (D:5)
  8 orc warriors
  2 sky beasts
  A black bear (D:5)
  3 ice beasts
  3 centaurs
  8 bullfrogs
  2 kobold brigands
  2 scorpions (D:6)
  3 gnoll sergeants
  5 wights
  Dowan (D:5)
  A killer bee (D:7)
  4 howler monkeys
  9 hounds
  4 orc priests
  A jelly (D:7)
  2 gnoll boudas
  Crazy Yiuf (D:3)
  2 sleepcaps (D:5)
  Terence (D:3)
  5 orc wizards (D:7)
  7 iguanas
  Robin (D:3)
  15 gnolls
  5 adders
  A shadow imp (D:7)
  A white imp (D:6)
  34 orcs
  6 bats
  An endoplasm (D:2)
  2 giant cockroaches
  16 goblins
  7 hobgoblins
  2 quokkas (D:2)
  4 ball pythons
  A frilled lizard (D:1)
  22 kobolds
  7 rats
221 creatures vanquished.

Vanquished Creatures (collateral kills)
  A hornet (D:7)
  A wyvern (D:7)
  A centaur (D:7)
  A wight (D:8)
  A howler monkey (D:8)
  An orc priest (D:7)
  2 orcs (D:7)
8 creatures vanquished.

Vanquished Creatures (others)
  A hornet (D:7)
  A steam dragon (D:7)
  An ice beast (D:7)
  A jelly (D:7)
  An orc wizard (D:7)
  An orc (D:8)
6 creatures vanquished.

Grand Total: 235 creatures vanquished

Notes
Turn   | Place    | Note
-------+----------+-------------------------------------------
     0 | D:1      | frimble the Octopode Warper began the quest for the Orb.
     0 | D:1      | Reached XP level 1. HP: 14/14 MP: 3/3
   133 | D:1      | Found a faded altar of an unknown god.
   662 | D:2      | Reached XP level 2. HP: 19/19 MP: 5/5
   678 | D:2      | Learned a level 2 spell: Blink
   725 | D:2      | Found a white marble altar of Elyvilon.
   988 | D:2      | Reached XP level 3. HP: 20/24 MP: 6/6
  1163 | D:3      | Noticed Grinder
  1175 | D:3      | Killed Grinder
  1176 | D:3      | Reached XP level 4. HP: 22/29 MP: 7/7
  1176 | D:3      | Reached XP level 5. HP: 26/34 MP: 8/8
  1176 | D:3      | Reached XP level 6. HP: 30/39 MP: 9/9
  1333 | D:3      | Noticed Robin
  1338 | D:3      | Killed Robin
  1474 | D:3      | Found a runed translucent door.
  1531 | D:3      | Noticed Crazy Yiuf
  1639 | D:3      | Noticed Terence
  1643 | D:3      | Killed Terence
  1644 | D:3      | Reached skill level 1 in Stealth
  1653 | D:3      | Gained mutation: You have hidden genetic potential. [potion
                  | of mutation]
  1653 | D:3      | Gained mutation: You are strong-willed. (Will+) [potion of
                  | mutation]
  1916 | D:3      | Killed Crazy Yiuf
  2062 | D:4      | Learned a level 1 spell: Apportation
  2190 | D:4      | Found a white marble altar of Elyvilon.
  2209 | D:4      | Found Weid's Mass Market.
  2245 | D:4      | Found a stormy altar of Qazlal.
  2245 | D:4      | Noticed a sky beast
  2429 | D:5      | Entered Level 5 of the Dungeon
  2439 | D:5      | Found Baoch's Distillery.
  2445 | D:5      | Bought 2 potions of lignification for 66 gold pieces
  2445 | D:5      | Bought a potion of curing for 33 gold pieces
  2445 | D:5      | Bought a potion of curing for 33 gold pieces
  2447 | D:5      | Noticed an ice beast
  2453 | D:5      | Killed an ice beast
  2454 | D:5      | Reached XP level 7. HP: 46/46 MP: 10/10
  2456 | D:5      | Found Suecsanos's Magic Scroll Boutique.
  2464 | D:5      | Gained mutation: You are robust. (+10% HP) [hidden
                  | potential]
  2500 | D:5      | Found Okulek's Weapon Emporium.
  2934 | D:5      | Reached skill level 1 in Evocations
  3150 | D:5      | Found Piffugh's Jewellery Emporium.
  3348 | D:5      | Found Varad's General Store.
  3470 | D:5      | Noticed Dowan
  3580 | D:4      | Reached XP level 8. HP: 56/59 MP: 11/11
  3946 | D:4      | Reached skill level 5 in Stealth
  3948 | D:4      | Gained mutation: You have supernaturally acute eyesight.
                  | (SInv) [hidden potential]
  3948 | D:4      | Lost mutation: You have hidden genetic potential. [hidden
                  | potential expressed]
  4383 | D:4      | Found a hazy altar of Hepliaklqana.
  4550 | D:5      | Noticed Duvessa
  4565 | D:5      | Killed Duvessa
  4575 | D:5      | Killed Dowan
  4801 | D:6      | Found a basalt altar of Yredelemnul.
  4872 | D:6      | Found the Hermit's Pendant {Faith Invo=14 Evo=0 MP+5}
  5369 | D:6      | Found a staircase to the Ecumenical Temple.
  5409 | D:6      | Reached skill level 5 in Dodging
  6004 | D:7      | Noticed a hornet
  6015 | D:7      | Noticed a hornet
  6036 | D:7      | Reached skill level 5 in Fighting
  6037 | D:7      | Killed a hornet
  6038 | D:7      | Reached XP level 9. HP: 51/67 MP: 12/12
  6220 | D:7      | Noticed a brown ugly thing
  6236 | D:7      | Killed a brown ugly thing
  6237 | D:7      | Reached skill level 5 in Evocations
  6426 | D:7      | Found a flagged portal.
  6435 | Bailey   | Entered a bailey
  6530 | Bailey   | Identified the +1 chain mail "Raczuatuess" {Int+4}
  6711 | Bailey   | Got the Omnibus of Underground Electrocution
  6845 | Bailey   | Reached XP level 10. HP: 38/75 MP: 13/13
  7613 | D:7      | Identified the +0 robe of the Kangaroo {rN+ Regen+ Stlth+}
                  | (You took it off an orc on level 7 of the Dungeon)
  8180 | D:7      | Noticed a kobold demonologist
  8189 | D:7      | Killed a kobold demonologist
  8940 | D:7      | Found a bloodstained altar of Trog.
  9256 | Temple   | Entered the Ecumenical Temple
  9428 | Temple   | Became a worshipper of Cheibriados the Contemplative
 10139 | D:8      | Found a hide-covered altar of Uskayaw.
 10145 | D:8      | Found a sacrificial altar of Ru.
 10182 | D:8      | Reached * piety under Cheibriados
 10187 | D:8      | Reached XP level 11. HP: 18/81 MP: 12/14
 10928 | D:8      | Found an ancient bone altar of Kikubaaqudgha.
 10941 | D:8      | Reached ** piety under Cheibriados
 11160 | D:9      | Identified a scroll of acquirement
 11160 | D:9      | Acquired a +2 hat
 11274 | D:9      | Slain by an orc warrior

Illustrated notes

Levels and vault maps discovered:
D:1:      minmay_arrival_doors, layout_basic,
          shapermc_ecumenical_altar_acropolis
D:2:      kennysheep_big_flooded_room, layout_rooms, basic_altar
D:3:      layout_rooms, uniq_terence, uniq_grinder, uniq_robin,
          uniq_crazy_yiuf_cottage
D:4:      layout_loops_corners, nicolae_qazlal_beasts_of_the_sky,
          lemuel_crystal_altar, mainiacjoe_overflow_alcove_1, chequers_jeans,
          dk_noncrumbling_4, minmay_shop_mass
D:5:      layout_basic, serial_shops, kennysheep_mini_moat, shop, shop_scrolls,
          shop, nicolae_shop_bloodbath_and_beyond, corexii_leaking_fountain,
          uniq_duvessa
D:6:      layout_loops_ring, mainiacjoe_overflow_boulevard,
          minmay_temple_entry_junction_2
D:7:      minmay_the_grid_octo_tiled_octocenter [minmay_the_grid_octo_odd_swirl,
          minmay_the_grid_octo_focus, minmay_the_grid_octo_clover_2,
          minmay_the_grid_octo_fat_diamond, minmay_the_grid_octo_prize_star,
          minmay_the_grid_square_5x5_tie, minmay_the_grid_square_5x5_minimal,
          minmay_the_grid_square_5x5_six_small,
          minmay_the_grid_square_5x5_almost_minimal], layout_basic,
          mainiacjoe_overflow_alcove_2, enter_bailey_2
D:8:      layout_rooms, grunt_temple_overflow_open, chequers_garden,
          minmay_ruined_shrine
D:9:      nzn_winding_woodlands_small [nzn_winding_woodlands_5x15_longhouse,
          nzn_winding_woodlands_center_diamonds,
          nzn_winding_woodlands_5x15_default], layout_loops_cross
Temple:   eino_narrow_crystal_temple

Skill      XL: |  1  2  3  4  5  6  7  8  9 10 11 |
---------------+----------------------------------+-----
Unarmed Combat | 3 6 7 9 |  9.8
Stealth        | 3 4 6 |  6.0
Dodging        | 3 4 5 6 |  6.4
Fighting       | 3 4 5 6 8 9 |  9.0
Evocations     | 2 4 6 8 9 |  9.0
Throwing       | |  1.0
Spellcasting   | |  2.0
Translocations | |  3.0

Action                     |  1- 3 |  4- 6 |  7- 9 | 10-12 || total
---------------------------+-------+-------+-------+-------++-------
  Melee: Unarmed           |    50 |    86 |   254 |   236 ||   626
         Constrict         |    16 |    21 |    40 |    44 ||   121
         Tentacles         |    10 |    15 |    58 |    59 ||   142
         Punch             |     1 |     6 |    12 |    13 ||    32
  Throw: Dart              |       |     2 |    29 |    13 ||    44
         Boomerang         |       |       |    14 |    53 ||    67
   Cast: Blink             |       |     3 |     6 |    10 ||    19
         Apportation       |       |       |    19 |    12 ||    31
  Evoke: Wand              |       |     8 |    17 |    25 ||    50
         Lightning rod     |       |       |       |     2 ||     2
         Box of beasts     |       |       |       |     1 ||     1
    Use: Potion            |     3 |     5 |     5 |     2 ||    15
         Scroll            |     3 |     3 |     6 |     3 ||    15
   Stab: Sleeping          |     4 |     4 |     5 |     3 ||    16
         Distracted        |       |       |     2 |     1 ||     3
 Armour: Skin              |     5 |     1 |    26 |    10 ||    42
  Dodge: Dodged            |    28 |    49 |   130 |   159 ||   366

Table legend: (Time is in decaauts)
 A = Elapsed time spent in this place.
 B = Non-inter-level travel time spent in this place.
 C = Inter-level travel time spent in this place.
 D = Time resting spent in this place.
 E = Time spent auto-exploring this place.
 F = Levels seen in this place.
 G = Mean time per level.
                   A        B        C        D        E       F      G
               +--------+--------+--------+--------+--------+-----+--------+
         Total |  11441 |  10876 |    565 |    566 |   8152 |  11 | 1040.1 |
       Dungeon |  10397 |   9872 |    525 |    566 |   7500 |   9 | 1155.2 |
        Temple |    191 |    151 |     40 |      0 |    144 |   1 |  191.0 |
        Bailey |    852 |    852 |      0 |      0 |    508 |   1 |  852.0 |
               +--------+--------+--------+--------+--------+-----+--------+

Top non-repeatable levels by time:
     D:7: 2822 daAuts
     D:5: 1519 daAuts
     D:4: 1385 daAuts
     D:8: 1249 daAuts
     D:6: 1168 daAuts
  Bailey: 852 daAuts
     D:3: 806 daAuts
     D:1: 623 daAuts
     D:2: 616 daAuts
     D:9: 206 daAuts
  Temple: 191 daAuts
